cohdb
Replays
Latest Replays
All Replays
Popular Replays
Top Player Replays
Match Explorer
How It Works
Community
CoH3 Stats
Reddit
Sign in to upload your games and track your stats! →
Sign in with Steam
Match 42939815
Unlisted
Match 42939815
Overview
Messages
Build Orders
End
Engineer Squad
Selects Armored Battlegroup
Selects Veteran Crews
Construct Weapon Support Center
M1919 Machine Gun Team
M1919 Machine Gun Team
M1919 Machine Gun Team
Bazooka Squad
Mechanized Support Center
Selects Fast Deploy
M1919 Machine Gun Team
Bazooka Squad
Construct Tank Depot
Selects Seek and Destroy
Selects UNKNOWN (2160077)
M4A3E8 Sherman Easy Eight
Selects Field Repairs
M4A3E8 Sherman Easy Eight
Construct Medical Station
Bazooka Squad
M1919 Machine Gun Team
Selects War Machine
Bazooka Squad
M4A3E8 Sherman Easy Eight
Field Repairs
GreenApple
Goodvyn
0
0
Comments
sign in to comment!
No comments posted yet!